 Dungeon Crawl Stone Soup version 0.29-a0-214-g17f627cfee (webtiles) character file.

Game seed: 4926073258617408073

4 spaghetti the Chiller (level 1, 3/13 HPs)
             Began as a Demonspawn Ice Elementalist on Feb 24, 2022.
             Quit the game on level 2 of the Dungeon.
             The game lasted 00:00:32 (110 turns).

spaghetti the Chiller (Demonspawn Ice Elementalist)  Turns: 110, Time: 00:00:32

Health: 3/13       AC:  2    Str:  8    XL:     1   Next: 58%
Magic:  0/3        EV: 12    Int: 16    God:
Gold:   8          SH:  0    Dex: 13    Spells: 3/4 levels left

rFire   . . .      SeeInvis .   (no weapon)
rCold   . . .      Faith    .   (no shield)
rNeg    . . .      Spirit   .   a - +0 robe
rPois   .          Reflect  .   (no helmet)
rElec   .          Harm     .   (no cloak)
rCorr   .          Rampage  .   (no gloves)
Will    .....                   (no boots)
Stlth   ++........              (no amulet)
HPRegen 0.04/turn               (no ring)
MPRegen 0.08/turn               (no ring)

@: no status effects
A: no striking features
a: no special abilities


You were on level 2 of the Dungeon.
You visited 1 branch of the dungeon, and saw 2 of its levels.

You collected 8 gold pieces.


   Skills:
 - Level 1.7 Dodging
 - Level 1.7 Stealth
 - Level 2.0 Spellcasting
 + Level 3.9 Ice Magic


You had 3 spell levels left.
You knew the following spells:

 Your Spells              Type           Power      Damage    Failure   Level
a - Freeze                Ice            56%        1d7       4%          1

Your spell library contained the following spells:

 Spells                   Type           Power      Damage    Failure   Level
 Frozen Ramparts          Ice            28%        1d4       13%         3
 Ozocubu's Armour         Ice            14%        N/A       13%         3
 Magic Dart               Conj           4%         1d3       21%         1
 Searing Ray              Conj           2%         2d4       30%         2
 Hailstorm                Conj/Ice       7%         3d4       67%         4
 Fulminant Prism          Conj/Hex       0%         3d6       90%         4

Inventory:

Hand Weapons
 d - a +0 short sword {short}
   (You found it on level 2 of the Dungeon)
Missiles
 c - 7 stones {throwing}
Armour
 a - a +0 robe (worn)
Scrolls
 b - a scroll of magic mapping {unknown}

Dungeon Overview and Level Annotations

Branches:
Dungeon (2/15)

Altars:

..#######....#
.............# .#
..#######....# #.#
..#######....#####.###
.....................
....................# .#
..####.......#####..##
..# ..#
#.......#####...#####..##
..#
#.......#..@gK...........
###
#.......#.###...........#
#.........# #...........#
#......######...........#
#######.....#.).........#
#.....#..........[#
#.....#...........#
#.....#...........#
#.....#####..##.###


You could see a goblin and a kobold.


Message History

b - a scroll labelled BOLUJA YDWE An endoplasm comes into view.
An endoplasm is nearby!
The endoplasm quivers.
You see here a book of Conjurations {@e2}.
You pick up a book of Conjurations {@e2} and begin reading...
You add the spells Magic Dart, Searing Ray and Fulminant Prism to your library.
An endoplasm is nearby!
You completely miss the endoplasm. The endoplasm barely misses you.
Sorry, you're not good enough to have a special ability.
Unknown command.
Aiming: Freeze (safe; 4% risk of failure)
Press: ? - help, Q - select action Shift-Dir - straight line, f - endoplasm
Aim: an endoplasm You freeze the endoplasm!
You kill the endoplasm! 😎 MP[-1]
You lost 1 mp, and now have 2/3 mp.
Aiming: Freeze (safe; 4% risk of failure)
Press: ? - help, Q - select action Shift-Dir - straight line, f - you That would be overly suicidal.
Okay, then.
Okay, then.
c - 7 stones {throwing} You now have 7 gold pieces.
d - a +0 short sword {short} 😎 MP[+1]
Your mp is fully restored (3).
You now have 8 gold pieces (gained 1).
An endoplasm and a goblin come into view.
A goblin comes into view. It is wielding a +0 club.
Aiming: Freeze (safe; 4% risk of failure)
Press: ? - help, Q - select action, (/) - cycle Shift-Dir - straight line, f - goblin
Aim: a goblin, wielding a +0 club (asleep)
You freeze the goblin.
You kill the goblin! 😎 MP[-1]
You lost 1 mp, and now have 2/3 mp.
Aiming: Freeze (safe; 4% risk of failure)
Press: ? - help, Q - select action, (/) - cycle Shift-Dir - straight line, f - you That would be overly suicidal.
Okay, then.
A kobold and a rat come into view.
Aiming: Freeze (safe; 4% risk of failure)
Press: ? - help, Q - select action, (/) - cycle Shift-Dir - straight line, f - endoplasm
Aim: an endoplasm (asleep)
You freeze the endoplasm.
The endoplasm quivers.
The goblin shouts!
The endoplasm freezes you.
You are frozen. 😕 HP[-1] MP[-1]
You take 1 damage, and now have 12/13 hp.
You lost 1 mp, and now have 1/3 mp.
Aiming: Freeze (safe; 4% risk of failure)
Press: ? - help, Q - select action, (/) - cycle Shift-Dir - straight line, f/p - endoplasm
Aim: an endoplasm (severely wounded)
You freeze the endoplasm.
You kill the endoplasm! 😕 MP[-1]
You lost 1 mp, and now have 0/3 mp.
The goblin hits you with a +0 club. 😕 HP[-1]
You take 1 damage, and now have 11/13 hp.
You don't have enough magic to cast this spell.
Really attack while wielding nothing? [Y]es or [N]o only, please.
Really attack while wielding nothing? [Y]es or [N]o only, please.
Really attack while wielding nothing?
You hit the goblin. The goblin hits you but does no damage.
You barely miss the goblin. The rat closely misses you.
The goblin closely misses you. 😕 HP[+1]
You closely miss the goblin.
The kobold hits you with a +0 short sword.
The rat bites you. The goblin closely misses you. 😮 HP[-5]
You take 5 damage, and now have 7/13 hp.
MASSIVE DAMAGE!! (PAUSE) 😮 MP[+1]
The kobold throws a stone.
The stone hits you.
* * * LOW HITPOINT WARNING * * *
😨 HP[-2]
You take 2 damage, and now have 5/13 hp.
The kobold throws a stone.
The stone hits you.
* * * LOW HITPOINT WARNING * * *
😱 HP[-2]
You take 2 damage, and now have 3/13 hp.
Aiming: Freeze (safe; 4% risk of failure)
Press: ? - help, Q - select action, (/) - cycle Shift-Dir - straight line, f - rat
Aim: a rat You freeze the rat.
You kill the rat! 😱 MP[-1]
You lost 1 mp, and now have 0/3 mp.
You closely miss the goblin. You punch the goblin, but do no damage.
The goblin hits you but does no damage.
Okay, then.
Are you sure you want to abandon this character and quit the game? (Confirm with "yes".)

Action                   || total
-------------------------++-------
Melee: Unarmed           ||     5
       Punch             ||     1
 Cast: Freeze            ||     5
Armor: Robe              ||     2
Dodge: Dodged            ||     4

Levels and vault maps discovered:
D:1:      amcnicky_arrival_gap_in_the_tavern_cellar, layout_loops_ring,
          chequers_serial_rivers_micro_c
D:2:      layout_basic, basic_altar

Notes
Turn   | Place    | Note
-------+----------+-------------------------------------------
     0 | D:1      | spaghetti the Demonspawn Ice Elementalist began the quest
                  | for the Orb.
     0 | D:1      | Reached XP level 1. HP: 13/13 MP: 3/3
     0 | D:1      | magus.rc [v1.9.6]
    32 | D:2      | You pick up a book of Conjurations {@e2} and begin
                  | reading...
    32 | D:2      | You add the spells Magic Dart, Searing Ray and Fulminant
                  | Prism to your library.
   106 | D:2      | HP: 3/13 [kobold/stone (2)]
   110 | D:2      | Quit the game

Vanquished Creatures
  2 endoplasms (D:2)
  A goblin (D:2)
  A rat (D:2)
4 creatures vanquished.

Table legend:
 A = Non-vault XP
 B = Vault XP
 C = Vault XP percentage of total XP
 D = Non-vault monster count
 E = Vault monster count
 F = Vault count percentage of total count
                 A         B        C        D         E       F
            +---------+---------+-------+---------+---------+-------
      Total |       7 |       0 |   0.0 |       4 |       0 |   0.0
            +---------+---------+-------+---------+---------+-------
        D:2 |       7 |       0 |   0.0 |       4 |       0 |   0.0
            +---------+---------+-------+---------+---------+-------

Illustrated notes

Table legend:
 A = Kills in this place as a percentage of kills in entire the game.
 B = Kills by you in this place as a percentage of kills by you in the entire game.
 C = Kills by friends in this place as a percentage of kills by friends in the entire game.
 D = Other kills in this place as a percentage of other kills in the entire game.
 E = Experience gained in this place as a percentage of experience gained in the entire game.
 F = Experience gained in this place divided by the number of levels of this place that you have seen.
                   A       B       C       D       E      F
               +-------+-------+-------+-------+-------+----------------------
         Total | 100.0 | 100.0 |   N/A |   N/A | 100.0 |   3.5
       Dungeon | 100.0 | 100.0 |   N/A |   N/A | 100.0 |   3.5
               +-------+-------+-------+-------+-------+----------------------

Table legend: (Time is in decaauts)
 A = Elapsed time spent in this place.
 B = Non-inter-level travel time spent in this place.
 C = Inter-level travel time spent in this place.
 D = Time resting spent in this place.
 E = Time spent auto-exploring this place.
 F = Levels seen in this place.
 G = Mean time per level.
                   A        B        C        D        E       F      G
               +--------+--------+--------+--------+--------+-----+--------+
         Total |    109 |    109 |      0 |      0 |     65 |   2 |   54.5 |
       Dungeon |    109 |    109 |      0 |      0 |     65 |   2 |   54.5 |
               +--------+--------+--------+--------+--------+-----+--------+

Top non-repeatable levels by time:
     D:2: 94 daAuts
     D:1: 15 daAuts
